 Seeded DCSS version 0.30-a0-918-g0ff054e9dc (webtiles) character file.

Game seed: 13555036537017109050 (custom seed)

28 Juicyj the Chopper (level 3, -1/28 HPs)
             Began as a Formicid Gladiator on Mar 20, 2023.
             Slain by a gnoll
             ... wielding a +0 whip
              (3 damage)
             ... on level 1 of the Dungeon.
             The game lasted 00:01:45 (733 turns).

Juicyj the Chopper (Formicid Gladiator)              Turns: 733, Time: 00:01:46

Health: -1/28      AC:  3    Str: 20    XL:     3   Next: 27%
Magic:  3/3        EV: 11    Int: 10    God:
Gold:   53         SH:  7    Dex: 15    Spells: 2/2 levels left

rFire   . . .      SeeInvis +    a - +0 war axe
rCold   x . .      Faith    .    e - +0 kite shield "Punuweq" {+Inv rC- Int+3}
rNeg    . . .      Spirit   .    b - +0 leather armour
rPois   .          Reflect  .    (helmet unavailable)
rElec   .          Rampage  .    (no cloak)
rCorr   .                        (no gloves)
Will    .....                    (no boots)
Stlth   +                        (no amulet)
HPRegen 0.24/turn                (no ring)
MPRegen 0.08/turn                (no ring)

@: no status effects
A: permanent stasis, dig shafts and tunnels, antennae 3, four strong arms
a: Dig, Shaft Self, Evoke Invisibility


You were on level 1 of the Dungeon.
You visited 1 branch of the dungeon, and saw 2 of its levels.

You collected 53 gold pieces.

Inventory:

Hand Weapons
 a - a +0 war axe (weapon)
Missiles
 c - 2 throwing nets (quivered)
 d - a javelin
Armour
 b - a +0 leather armour (worn)
 e - the +0 kite shield "Punuweq" (worn) {+Inv rC- Int+3}
   (You acquired it on level 1 of the Dungeon)

   Int:       It affects your intelligence (+3).
   rC:        It makes you vulnerable to cold.
   +Inv:      It lets you turn invisible.
Jewellery
 h - an amulet of the acrobat
Scrolls
 g - a scroll of identify {unknown}
 i - a scroll of teleportation {unknown}
Potions
 f - a potion of curing {unknown}
 j - 2 potions of haste {unknown}
 k - a potion of heal wounds {unknown}
 l - a potion of might {unknown}


   Skills:
 + Level 2.6 Fighting
 + Level 3.2 Axes
 + Level 2.4 Throwing
 + Level 3.0 Dodging
 + Level 0.5 Shields


You had 2 spell levels left.
You didn't know any spells.
Your spell library was empty.

Dungeon Overview and Level Annotations

Branches:
Dungeon (2/15)

Altars:


Innate Abilities, Weirdness & Mutations

You cannot be hasted, slowed, berserked, paralysed or teleported.
You can dig through walls and to a lower floor.
You have a pair of large antennae on your head. (SInv)
Your four strong arms can wield two-handed weapons with a shield.


Message History

You kill the gnoll!
Your Dodging skill increases to level 3!
You have reached level 3!
Your experience leads to an increase in your attributes!
Your base attributes are Str 18, Int 7, Dex 15.
Increase (S)trength, (I)ntelligence, or (D)exterity?
You feel stronger. x2
Welcome back, Juicyj the Formicid Gladiator.
Game seed: 13555036537017109050 (custom seed) Press ? for a list of commands and other information.
You climb downwards.
The gnoll hits you from afar with a +0 spear.
There is a stone staircase leading up here.
There is a stone staircase leading up here.
The gnoll barely misses you. The gnoll hits you with a +0 whip.
You climb upwards.
There is a stone staircase leading down here.
You closely miss the gnoll. You hit the gnoll.
The gnoll hits you with a +0 spear. You block the gnoll's attack.
The gnoll hits you with a +0 spear.
You barely miss the gnoll.
The gnoll is heavily wounded.
You hit the gnoll. The gnoll hits you with a +0 whip.
* * * LOW HITPOINT WARNING * * *
The gnoll hits you with a +0 spear.
* * * LOW HITPOINT WARNING * * *
Throw: 3 throwing nets
Press: ? - help, Q - select action, (/) - cycle Shift-Dir - straight line, f - gnoll
Aim: a gnoll, wielding a +0 spear (heavily wounded, 64% to hit)
You throw a throwing net. The throwing net hits the gnoll.
The gnoll is caught in the net!
The gnoll is heavily wounded.
The gnoll hits you with a +0 whip.
* * * LOW HITPOINT WARNING * * *
The gnoll struggles against the net.
You hit the gnoll.
The gnoll is severely wounded.
You hit the gnoll. The gnoll closely misses you.
The gnoll struggles against the net.
The gnoll hits you with a +0 whip.
You die...

#............#####
#............+...#
#...[........###.#
#................#
#..............###
#..............#
###########'#..#
############.#####
...............g@#
################g#
#.# #.# #### #.#
...##### #.#
.......### #.#
..#......## #.#
..#.......# #.#


You could see 2 gnolls.

Vanquished Creatures
  A gnoll (D:1)
  A dart slug (D:1)
  2 endoplasms (D:1)
  A giant cockroach (D:1)
  2 goblins (D:1)
  2 hobgoblins (D:1)
  A bat (D:1)
  A frilled lizard (D:1)
  2 kobolds (D:1)
  2 rats (D:1)
15 creatures vanquished.

Notes
Turn   | Place    | Note
-------+----------+-------------------------------------------
     0 | D:1      | Juicyj the Formicid Gladiator began the quest for the Orb.
     0 | D:1      | Reached XP level 1. HP: 16/16 MP: 1/1
   281 | D:1      | Reached XP level 2. HP: 21/23 MP: 2/2
   673 | D:1      | Identified a scroll of acquirement
   673 | D:1      | Acquired the +0 kite shield "Punuweq" {+Inv rC- Int+3}
   724 | D:1      | Reached XP level 3. HP: 24/28 MP: 3/3
   733 | D:1      | Slain by a gnoll

Illustrated notes

Levels and vault maps discovered:
D:1:      dpeg_arrival_water_fire, layout_basic
D:2:      layout_basic, hex_large, reono_crystal_passage, st_stairs_2,
          minmay_tromino_v7, uniq_natasha

Skill      XL: |  1  2 |
---------------+-------+-----
Dodging        | 3 |  3.0
Fighting       | |  2.6
Axes           | |  3.2
Throwing       | |  2.4
Shields        | |  0.5

Action                     || total
---------------------------++-------
  Melee: War axe           ||    39
  Throw: Throwing net      ||     1
    Use: Scroll            ||     1
 Armour: Leather armour    ||     6
  Dodge: Dodged            ||    28
  Block: Kite shield       ||     2

Table legend: (Time is in decaauts)
 A = Elapsed time spent in this place.
 B = Non-inter-level travel time spent in this place.
 C = Inter-level travel time spent in this place.
 D = Time resting spent in this place.
 E = Time spent auto-exploring this place.
 F = Levels seen in this place.
 G = Mean time per level.
                   A        B        C        D        E       F      G
               +--------+--------+--------+--------+--------+-----+--------+
         Total |    748 |    715 |     33 |      0 |    579 |   2 |  374.0 |
       Dungeon |    748 |    715 |     33 |      0 |    579 |   2 |  374.0 |
               +--------+--------+--------+--------+--------+-----+--------+

Top non-repeatable levels by time:
     D:1: 739 daAuts
     D:2: 9 daAuts
